Workbook
Name _____________INF1: #REF!
Name ____________INF1: #REF!
Name ___________INF1: #REF!
Name __________AIU1: #REF!
Name __________AIU2: #REF!
Name __________Cod1: #REF!
Name __________INF1: #REF!
Name __________Pa2: #N/A
Name __________Pa3: #N/A
Name __________Pa4: #N/A
Name __________Po2: #REF!
Name __________ST166: #N/A
Name __________TPE8016: #N/A
Name __________TPE8020: #N/A
Name __________TPE8025: #N/A
Name __________TPN1002: #N/A
Name __________TPN1003: #N/A
Name __________TPN1004: #N/A
Name __________TPN1006: #N/A
Name __________TPN1008: #N/A
Name __________TPN1202: #N/A
Name __________TPN1203: #N/A
Name __________TPN1204: #N/A
Name __________TPN1206: #N/A
Name __________TPN1208: #N/A
Name __________TPN16012: #N/A
Name __________TPN1602: #N/A
Name __________TPN1603: #N/A
Name __________TPN1604: #N/A
Name __________TPN1606: #N/A
Name __________TPN1608: #N/A
Name __________TUZ22: #N/A
Name __________TUZ36: #N/A
Name __________TZ323: #N/A
Name __________TZ324: #N/A
Name _________AFC1: #REF!
Name _________AFC3: #REF!
Name _________AFC5: #REF!
Name _________AIU1: #REF!
Name _________AIU2: #REF!
Name _________BGC1: #REF!
Name _________BGC3: #REF!
Name _________BGC5: #REF!
Name _________CAC1: #REF!
Name _________CAC3: #REF!
Name _________CAC5: #REF!
Name _________Cod1: #REF!
Name _________INF1: #REF!
Name _________Pa1: #N/A
Name _________Pa2: #N/A
Name _________Pa3: #N/A
Name _________Pa4: #N/A
Name _________PJ50: #REF!
Name _________Po2: #REF!
Name _________r: #N/A
Name _________SBC1: #REF!
Name _________SBC3: #REF!
Name _________SBC5: #REF!
Name _________ST166: #N/A
Name _________TPE8016: #N/A

Sheet INTERVENTORÍA
A4: ADECUACION PUESTO DE SALUD SAN FELIX
A6: PRESUPUESTO INTERVENTORÍA
A8: ITEM | B8: CÓDIGO | C8: DESCRIPCIÓN | D8: CANT | E8: VALOR MENSUAL | F8: PREST. SOC. (solo informativo) | G8: DEDIC. % | H8: PLAZO | I8: VALOR PARCIAL
A9: A | B9: COSTOS DIRECTOS DE PERSONAL | I9: =IFERROR(IF(SUM(I17:I17)=0,"",SUM(I17:I17)),"") -> 41538000
A10: 1 | B10: EQUIPO PROFESIONAL | I10: =IFERROR(IF(SUM(I11:I13)=0,"",SUM(I11:I13)),"") -> 18060000
A11: =IF(C11="","",A10+0.1) -> 1.1 | C11: Director de Interventoría | D11: 1 | E11: 6000000 | G11: 0.15 | H11: 4.2 | I11: =+IF(D11=0,"",IFERROR(D11*(E11)*G11*H11,"")) -> 3780000
A12: =IF(C12="","",A11+0.1) -> 1.2 | C12: Residente de Interventoría | D12: 1 | E12: 4000000 | G12: 0.7 | H12: =+H11 -> 4.2 | I12: =+IF(D12=0,"",IFERROR(D12*(E12)*G12*H12,"")) -> 11760000
A13: =IF(C13="","",A12+0.1) -> 1.3 | C13: Tecnólogo SST de Interventoría | D13: 1 | E13: 3000000 | G13: 0.2 | H13: =+H12 -> 4.2 | I13: =+IF(D13=0,"",IFERROR(D13*(E13)*G13*H13,"")) -> 2520000
A14: 2 | B14: APLICACIÓN FACTOR MULTIPLICADOR
A15: =IF(C15="","",A14+0.1) -> 2.1 | C15: SUBTOTAL COSTOS DE PERSONAL | I15: =IF(SUM(I10)=0,"",SUM(I10)) -> 18060000
A16: =IF(C16="","",A15+0.1) -> 2.2 | C16: FACTOR MULTIPLICADOR | I16: =+'FM INTERVENTORÍA'!G36 -> 2.3
A17: =IF(C17="","",A16+0.1) -> 2.3 | C17: VALOR TOTAL COSTOS DE PERSONAL | I17: =+IFERROR(I15*I16,"") -> 41538000
B18: TOTAL COSTOS DIRECTOS DE PERSONAL | I18: =SUM(I17) -> 41538000
A19: B | B19: OTROS COSTOS DIRECTOS | I19: =+I20+I25 -> 7422447
A20: 3 | B20: GASTOS DE TRANSPORTE, ALQUILER DE EQUIPO Y OTROS (SE PAGAN CONTRA FACTURA Y RESULTADOS SI APLICA): | I20: =IF(SUM(I21:I24)=0,0,SUM(I21:I24)) -> 3654000
A21: =IF(C21="","",A20+0.1) -> 3.1 | C21: PAPELERÍA | D21: 1 | E21: 300000 | H21: =H13 -> 4.2 | I21: =+IFERROR(D21*E21*H21,"") -> 1260000
A22: =IF(C22="","",A21+0.1) -> 3.2 | C22: COMUNICACIONES (TELÉFONO, FAX, CELULAR, INTERNET, ETC.) MENSUAL EN CAMPO | D22: 1 | E22: 120000 | H22: =+H21 -> 4.2 | I22: =+IFERROR(D22*E22*H22,"") -> 504000
A23: =IF(C23="","",A22+0.1) -> 3.3 | C23: TARIFA PUESTO DE TRABAJO DEL PERSONAL DE OFICINA DE CAMPO, INCLUYE: ALQUILER DE UN (1) EQUIPO DE COMPUTO COMPLETO, ESCRITORIO, SILLA Y OTROS ENSERES DE OFICINA POR PUESTO DE TRABAJO | D23: 1 | E23: 300000 | H23: =+H22 -> 4.2 | I23: =+IFERROR(D23*E23*H23,"") -> 1260000
A24: =IF(C24="","",A23+0.1) -> 3.4 | C24: IMPRESORA EN OBRA (ALQUILER) | D24: 1 | E24: 150000 | H24: =+H23 -> 4.2 | I24: =+IFERROR(D24*E24*H24,"") -> 630000
A25: 6 | B25: OTROS COSTOS (SE PAGAN CONTRA FACTURA Y RESULTADOS SI APLICA): | I25: =IF(SUM(I26:I27)=0,0,SUM(I26:I27)) -> 3768447
A26: 6.1 | C26: PROVISIÓN PARA EL PAGO DE PRIMAS DE PÓLIZAS (GARANTÍAS) | I26: =+'INTERVENTORÍA_PÓLIZAS '!H30 -> 488098
A27: 6.2 | C27: TASAS Y CONTRIBUCIONES | I27: =+INTERVENTORIA_LEGALIZACIÓN!F19 -> 3280349
A28: VALOR BÁSICO TOTAL | I28: =IFERROR(IF(SUM(I19,I9)=0,"",ROUND(SUM(I19,I9),0)),"") -> 48960447
A29: IVA | H29: 0.19 | I29: =+IFERROR(ROUND(I28*H29,0),"") -> 9302485
A30: TOTAL INTERVENTORÍA | I30: =IF(I28="","",SUM(I28:I29)) -> 58262932

Sheet FM INTERVENTORÍA
A3: ADECUACION PUESTO DE SALUD SAN FELIX
A5: FACTOR MULTIPLICADOR INTERVENTORÍA
A7: 1 | B7: SALARIO BÁSICO | G7: =SUM(G8) -> 1
A8: 1.1 | B8: SALARIO BÁSICO | G8: 1
A9: 2 | B9: PRESTACIONES SOCIALES | G9: =SUM(G10:G22) -> 0.6579
A10: 2.1 | B10: PRIMA ANUAL | G10: 0.0833
A11: 2.2 | B11: CESANTÍA ANUAL | G11: 0.0833
A12: 2.3 | B12: INTERÉS A LAS CESANTÍAS | G12: 0.01
A13: 2.4 | B13: VACACIONES ANUALES | G13: 0.0417
A14: 2.5 | B14: EPS | G14: 0.125
A15: 2.6 | B15: PENSIONES (AFP) | G15: 0.16
A16: 2.7 | B16: SENA
A17: 2.8 | B17: ICBF
A18: 2.9 | B18: SUBSIDIO FAMILIAR (CAJA DE COMPENSACIÓN) | G18: 0.04
A19: 2.1 | B19: ARP 6,96 % NORMAL | G19: 0.0696
A20: 2.11 | B20: DOTACIÓN | G20: 0.015
A21: 2.12 | B21: EPP | G21: 0.02
A22: 2.13 | B22: EXÁMENES DE INGRESO - EGRESO | G22: 0.01
A23: 3 | B23: COSTOS INDIRECTOS | C23: VR. TOPE MENSUAL A RECONOCER | D23: % RECONOCIMIENTO | E23: PLAZO CONTRATO | F23: VALOR A RECONOCER | G23: =SUM(G24:G30) -> 0.39534884
A24: 3.1 | B24: COSTOS OFICINA (ARRENDAMIENTO,ADMINISTRACIÓN Y SERVICIOS PÚBLICOS, MANTENIMIENTO DE OFICINAS, ASEO, VIGILANCIA, SEGUROS DE ROBO E INCENDIO, ALQUILER (O DEPRECIACIÓN) Y MANTENIMIENTO DE VEHÍCULOS DE ADMINISTRACIÓN Y GERENCIA, ASOCIACIONES PROFESIONALES, DOCUMENTACIÓN TÉCNICA, REVISTAS, REPRESENTACIÓN Y PROMOCIÓN, PREPARACIÓN Y EDICIÓN DE PROPUESTAS, GASTOS DE VIAJE, GASTOS DE REPRESENTACIÓN) | C24: 4000000 | D24: 0.1 | E24: =+INTERVENTORÍA!H11 -> 4.2 | F24: =+IFERROR(C24*D24*E24,"") -> 1680000 | G24: =+IFERROR(F24/INTERVENTORÍA!$I$15,"") -> 0.093023256
A25: 3.2 | B25: PAPELERÍA DE LA OFICINA DEL CONSULTOR PARA USO DEL PROYECTO (CAFETERÍA Y OTROS GASTOS FUNCIONAMIENTO | C25: 500000 | D25: 0.1 | E25: =+E24 -> 4.2 | F25: =+IFERROR(C25*D25*E25,"") -> 210000 | G25: =+IFERROR(F25/INTERVENTORÍA!$I$15,"") -> 0.011627907
A26: 3.3 | B26: MUEBLES Y EQUIPOS DE OFICINA, PAGO PROGRAMAS, SISTEMATIZACIÓN Y ACTUALIZACIÓN TECNOLÓGICA, RACK. | C26: 2000000 | D26: 0.1 | E26: =+E25 -> 4.2 | F26: =+IFERROR(C26*D26*E26,"") -> 840000 | G26: =+IFERROR(F26/INTERVENTORÍA!$I$15,"") -> 0.046511628
A27: 3.4 | B27: PERSONAL ADMINISTRATIVO, TÉCNICO Y NO TÉCNICO, NO FACTURABLE, ENTRENAMIENTO DE PERSONAL, CAPACITACIÓN Y ACTUALIZACIÓN TÉCNICA (CURSOS, SEMINARIOS, CONGRESOS). | C27: 5000000 | D27: 0.05 | E27: =+E26 -> 4.2 | F27: =+IFERROR(C27*D27*E27,"") -> 1050000 | G27: =+IFERROR(F27/INTERVENTORÍA!$I$15,"") -> 0.058139535
A28: 3.5 | B28: ASESORÍA CONTABLE, TRIBUTARIA (REVISORÍA FISCAL) Y MÉDICA | C28: 3000000 | D28: 0.05 | E28: =+E27 -> 4.2 | F28: =+IFERROR(C28*D28*E28,"") -> 630000 | G28: =+IFERROR(F28/INTERVENTORÍA!$I$15,"") -> 0.034883721
A29: 3.6 | B29: OTROS GASTOS BANCARIOS | C29: 5000000 | D29: 0.05 | E29: =+E28 -> 4.2 | F29: =+IFERROR(C29*D29*E29,"") -> 1050000 | G29: =+IFERROR(F29/INTERVENTORÍA!$I$15,"") -> 0.058139535
A30: 3.7 | B30: CAPACITACIONES, SEGURIDAD INDUSTRIAL Y OCUPACIONAL, Y PUBLICACIONES DEL PROYECTO | C30: 2000000 | D30: 0.2 | E30: =+E29 -> 4.2 | F30: =+IFERROR(C30*D30*E30,"") -> 1680000 | G30: =+IFERROR(F30/INTERVENTORÍA!$I$15,"") -> 0.093023256
A31: 4 | B31: GASTOS DE LEGALIZACIÓN DE CONTRATO | G31: =SUM(G32:G32) -> 0
A32: 4.1 | B32: OTROS COSTOS INDIRECTOS
A33: 5 | B33: HONORARIOS | G33: =SUM(G34) -> 0.24638986
A34: 5.1 | B34: HONORARIOS | F34: 0.12 | G34: =+F34*(G31+G23+G9+G7) -> 0.24638986
A35: SUBTOTAL | G35: =IFERROR(SUM(G33,G31,G23,G9,G7),"") -> 2.2996387
A36: FACTOR MULTIPLICADOR AJUSTADO A 2 CIFRAS DECIMALES | G36: =+IFERROR(ROUND(G35,2),"") -> 2.3

Sheet INTERVENTORÍA_PÓLIZAS 
C3: ADECUACION PUESTO DE SALUD SAN FELIX
C5: VALOR GASTOS LEGALIZACIÓN - PÓLIZAS
C7: VALOR DEL CONTRATO ( $ ) | D7: =+INTERVENTORÍA!I30 -> 58262932
C8: PLAZO DEL CONTRATO (Dias) | D8: =+F8*30 -> 126 | F8: =+INTERVENTORÍA!H11 -> 4.2 | G8: meses
C9: ANTICIPO MUNICIPIO | D9: 0.4 | E9: Digitar % de anticipo | F9: =+D7*D9 -> 23305173 | G9: Pesos
C11: APORTES DEPARTAMENTO | D11: 300000000 | E11: APORTES MUNICIPIO | F11: =+D7-D11 -> -241737068
C12: TIPO DE GARANTÍA | D12: VALOR ASEGURADO | F12: COBERTURA (Dias ) | G12: TASA anual | H12: PRIMA
D13: % | E13: VALOR
C14: Cumplimiento | D14: 0.2 | E14: =D7*D14 -> 11652586 | F14: =IF(D8=0,0,D8+(6*30)) -> 306 | G14: 0.003 | H14: =(E14*G14)/360*F14 -> 29714.095
C15: Salarios y Prestaciones Sociales | D15: 0.3 | E15: =+D15*D7 -> 17478880 | F15: =IF(D8=0,0,D8+(3*360)) -> 1206 | G15: 0.003 | H15: =(E15*G15)/360*F15 -> 175662.74
C16: Calidad del servicio | D16: 0.2 | E16: =+D16*D7 -> 11652586 | F16: =IF(D8=0,0,5*360) -> 1800 | G16: 0.003 | H16: =(E16*G16)/360*F16 -> 174788.8
C17: Correcta inversión del anticipo | D17: 1 | E17: =+F9 -> 23305173 | F17: =IF(D9=0,0,5*360) -> 1800 | G17: 0.003 | H17: =(E17*G17)/360*F17 -> 349577.59
C18: DECRETO 1082 SMMLV Responsabilidad Civil | D18: SMMLV | E18: MONTO ASEGURABLE | F18: PLAZO MESES | G18: TASA | H18: PRIMA
J19: =+D7 -> 58262932 | L19: 1
C20: Subtotal Prima | H20: =H14+H15+H16+H19 -> 380165.63 | J20: =+H23 -> 488098 | L20: X
C21: Gastos de expedición | H21: =+IF(D7=0,0,30000) -> 30000
C22: I.V.A. | H22: =IFERROR((H20+H21)*19%,0) -> 77931.47 | K22: =+(J20*L19)/J19 -> 0.0083775049
C23: TOTAL POLIZAS | H23: =IF(F8="","",IFERROR(ROUNDUP(H20+H21+H22,0),0)) -> 488098
C25: Relación | D25: =IFERROR(H23/D7,0) -> 0.0083775049
J29: =ROUND(+D7/D19,0) -> #DIV/0! | L29: CONCEPTO | M29: Valor
C30: TOTAL GASTOS LEGALIZACION | H30: =H23 -> 488098 | L30: MANO DE OBRA | M30: 1274853408
J31: 1. Doscientos (200) SMMLV para contratos cuyo valor sea inferior o igual a mil quinientos (1.500) SMMLV. | L31: PERSONAL ADMINISTRACION | M31: 122937908
J32: 2. Trescientos (300) SMMLV para contratos cuyo valor sea superior a mil quinientos (1.500) SMMLV e inferior o igual a dos mil quinientos (2.500) SMMLV. | L32: SUMA PERSONAL | M32: =+SUM(M30:M31) -> 1397791316
J33: 3. Cuatrocientos (400) SMMLV para contratos cuyo valor sea superior a dos mil quinientos (2.500) SMMLV e inferior o igual a cinco mil (5.000) SMMLV. | L33: VALOR INCUMPLIMIENTP 100% incumplim SAL Y PRES | M33: =+M32 -> 1397791316
J34: 4. Quinientos (500) SMMLV para contratos cuyo valor sea superior a cinco mil (5.000) SMMLV e inferior o igual a diez mil (10.000) SMMLV. | L34: % RESPECTO A VALOR TOTAL | M34: 0.2379
J35: 5. El cinco por ciento (5%) del valor del contrato cuando este sea superior a diez mil (10.000) SMMLV, caso en el cual el valor asegurado debe ser máximo setenta y cinco mil (75.000) SMMLV. | L35: =+IF(D7>=5000000000,50%,100%) -> 1 | M35: =+M34*L35 -> 0.2379 | N35: * Valor del contrato es igual o superior a cinco mil (5.000) millones se toma el 50% del valor para asegurar. * Valor del contrato es inferior a cinco mil (5.000) millones se toma el 100% del valor para asegurar.
J36: La vigencia de esta garantía deberá ser igual al período de ejecución del contrato.

Sheet INTERVENTORIA_LEGALIZACIÓN
A3: ADECUACION PUESTO DE SALUD SAN FELIX
A5: VALOR GASTOS LEGALIZACION - TASAS Y CONTRIBUCIONES
A8: VALOR DEL CONTRATO ( $ ) | B8: =+INTERVENTORÍA!I28 -> 48960447
A9: TOTAL DEL CONTRATO SIN 50% DEL 4/1000 (Para efectos de calculo de impuesto y estampillas) | B9: =+INTERVENTORÍA!I28 -> 48960447 | D9: APORTE NACIÓN | E9: =+B8 -> 48960447
A10: Total del contrato SIN 50% del 4/1000, NI estampillas) para efectos del calculo del impuesto al gravamen financiero | B10: =+B9-SUM(F12:F18) -> 45680098 | D10: APORTE MUNICIPIO | E10: 0
A12: Estampilla Pro Cultura 0.50% MUNICIPIO | B12: 0.005 | F12: =ROUND($B$9*B12,0) -> 244802
A13: Estampilla Pro universidad de antioquia (0.2%) MUNICIPIO | B13: 0.002 | F13: =ROUND($B$9*B13,0) -> 97921
A14: Estampilla Proadulto mayor 2% MUNICIPIO | B14: 0.02 | F14: =ROUND($B$9*B14,0) -> 979209
A15: Industria y comercio MUNICIPIO (10x1000) | B15: 0.01 | F15: =ROUND($B$9*B15,0) -> 489604
A16: Estampilla pro justicia MUNICIPIO | B16: 0.02 | F16: =ROUND($B$9*B16,0) -> 979209
A17: Tasa Prodeporte y recreación 1% MUNICIPIO | B17: 0.01 | F17: =ROUND($E$9*B17,0) -> 489604
F18: =ROUND($E$9*B18,0) -> 0
A19: OTROS COSTOS INDIRECTOS - TASAS Y CONTRIBUCIONES | F19: =+SUM(F12:F18) -> 3280349
B20: =+SUM(B12:B18) -> 0.067
